 Dungeon Crawl Stone Soup version 0.30-a0-341-g682706514a (webtiles) character file.

Game seed: 7724959225461172898

75661 Biblin the Executioner (level 15, -8/139 HPs)
             Began as a Hill Orc Fighter on Oct 26, 2022.
             Was the Champion of Okawaru.
             Mangled by an orc knight
             ... wielding a +0 great sword
              (26 damage)
             ... on level 1 of the Orcish Mines on Nov 4, 2022.
             The game lasted 01:15:16 (19178 turns).

Biblin the Executioner (Hill Orc Fighter)          Turns: 19178, Time: 01:15:16

Health: -8/139     AC: 32    Str: 33    XL:     15   Next: 50%
Magic:  20/22      EV:  9    Int:  8    God:    Okawaru [******]
Gold:   1565       SH:  0    Dex: 10    Spells: 14/14 levels left

rFire   . . .      SeeInvis .    P - +8 frozen axe "Frostbite" {freezing cloud, *Noise Fly rC+}
rCold   + + +      Faith    .    (shield currently unavailable)
rNeg    + . .      Spirit   .    l - +0 crystal plate armour
rPois   +          Reflect  .    (no helmet)
rElec   .          Harm     .    Y - +1 cloak {Stlth+}
rCorr   .          Rampage  .    t - +0 pair of gloves
Will    ++...                    C - +0 pair of boots
Stlth   ..........               a - amulet of Peibbyin {Acrobat rPois rC++}
HPRegen 0.43/turn                m - ring of positive energy
MPRegen 0.18/turn                Z - ring of False Pretenses {+Blink Will+ Str+6}

@: heroic, flying
A: no striking features
a: Renounce Religion, Evoke Blink, Heroism, Finesse, Duel


You were on level 1 of the Orcish Mines.
You worshipped Okawaru.
Okawaru was exalted by your worship.
You visited 4 branches of the dungeon, and saw 18 of its levels.
You also visited: Bailey and Ice Cave.

You collected 1565 gold pieces.

Inventory:

Hand Weapons
 g - the +8 hand crossbow "Arcanum" {flame, Will+ Str+6 Dex+2}
   (Okawaru gifted it to you on level 10 of the Dungeon)

   Any ammunition fired from it burns those it strikes, dealing additional fire
   damage.
   Str:       It affects your strength (+6).
   Dex:       It affects your dexterity (+2).
   Will:      It increases your willpower.
 r - the +14 obsidian axe {vorpal, Mesm Drain Fly SInv}
   (Okawaru gifted it to you on level 4 of the Lair of Beasts)

   It inflicts extra damage upon your enemies.
   It occasionally summons demons to assist the wielder when it strikes in
   combat.
   Its wielder is mesmerised by any visible foes.
   It cannot be unequipped while any foes are visible.
   SInv:      It lets you see invisible.
   Fly:       It grants you flight.
   Drain:     It drains your maximum health when unequipped.
 P - the +8 frozen axe "Frostbite" (weapon) {freezing cloud, *Noise Fly rC+}
   (You acquired it on level 10 of the Dungeon)

   It freezes those it strikes, dealing additional cold damage.
   It can also slow down cold-blooded creatures.
   It occasionally leaves clouds of freezing vapour upon striking a foe.
   It grants immunity to clouds of freezing vapour.
   rC:        It protects you from cold.
   Fly:       It grants you flight.
   *Noise:    It may make noises in combat.
 T - a +2 battleaxe of flaming
Missiles
 h - 20 poisoned darts (quivered)
Armour
 c - a +2 robe of willpower
 l - a +0 crystal plate armour (worn)
 t - a +0 pair of gloves (worn)
 w - a +0 plate armour of cold resistance
 C - a +0 pair of boots (worn)
 G - the +0 tower shield "Gadud" {Will+ Str-4 Int+4 Dex+2}
   (Okawaru gifted it to you on level 3 of the Lair of Beasts)

   Str:       It affects your strength (-4).
   Int:       It affects your intelligence (+4).
   Dex:       It affects your dexterity (+2).
   Will:      It increases your willpower.
 I - a +3 chain mail of fire resistance
 U - the +1 chain mail of Skepticism {+Blink Dex-3 SInv}
   (You found it in a bailey)

   Dex:       It affects your dexterity (-3).
   SInv:      It lets you see invisible.
   +Blink:    It lets you blink.
 Y - a +1 cloak of stealth (worn)
Jewellery
 a - the amulet of Peibbyin (around neck) {Acrobat rPois rC++}
   (You found it on level 5 of the Lair of Beasts)

   [amulet of the acrobat]

   It increases your evasion while moving and waiting.
   rC:        It greatly protects you from cold.
   rPois:     It protects you from poison.
 m - a ring of positive energy (left hand)
 o - a +4 ring of protection
 A - a ring of protection from cold
 Z - the ring of False Pretenses (right hand) {+Blink Will+ Str+6}
   (You found it on level 5 of the Lair of Beasts)

   [ring of willpower]

   Str:       It affects your strength (+6).
   +Blink:    It lets you blink.
   Will:      It increases your willpower.
Wands
 d - a wand of mindburst (7)
 q - a wand of paralysis (18)
 s - a wand of quicksilver (4)
 y - a wand of iceblast (2)
 J - a wand of flame (39)
 X - a wand of polymorph (3)
Scrolls
 b - 3 scrolls of blinking
 f - 9 scrolls of teleportation
 j - 7 scrolls of fog
 u - 2 scrolls of enchant weapon
 B - a scroll of silence
 V - a scroll of identify
Potions
 e - 5 potions of curing
 p - 3 potions of ambrosia
 v - a potion of heal wounds
 x - a potion of invisibility
 D - a potion of flight
 F - 2 potions of haste
 M - 2 potions of resistance
 Q - 2 potions of magic
Miscellaneous
 R - a phial of floods
 W - a condenser vane


   Skills:
 * Level 14.9(19.9) Fighting
 * Level 23.4(27) Axes
 * Level 13.6(18.6) Armour
 + Level 1.9(6.9) Dodging
 - Level 7.3(12.3) Shields
 * Level 10.1 Invocations


You had 14 spell levels left.
You didn't know any spells.
Your spell library contained the following spells:

 Spells                   Type           Power      Damage    Failure   Level
 Apportation              Tloc           0%         N/A       99%         1
 Necrotise                Necr           0%         1d4       99%         1
 Shock                    Conj/Air       0%         1d3       99%         1
 Frozen Ramparts          Ice            0%         1d1       100%        3
 Gell's Gravitas          Tloc           0%         N/A       100%        3
 Portal Projectile        Hex/Tloc       0%         N/A       100%        3
 Swiftness                Air            0%         N/A       100%        3
 Teleport Other           Tloc           0%         N/A       100%        3
 Airstrike                Air            0%         2d(0-16)  100%        4
 Ice Form                 Ice/Tmut       0%         N/A       100%        4
 Leda's Liquefaction      Hex/Erth       0%         N/A       100%        4
 Manifold Assault         Tloc           0%         N/A       100%        4
 Passage of Golubria      Tloc           0%         N/A       100%        4
 Blade Hands              Tmut           0%         N/A       100%        5
 Yara's Violent Unravell  Hex/Tmut       0%         3d3       100%        5
 Conjure Ball Lightning   Conj/Air       0%         3x3d6     100%        6
 Dispersal                Tloc           0%         N/A       100%        6
 Iron Shot                Conj/Erth      0%         9d1       100%        6
 Discord                  Hex            0%         N/A       100%        8
 Disjunction              Tloc           0%         N/A       100%        8
 Necromutation            Tmut/Necr      0%         N/A       100%        8
 Summon Small Mammal      Summ           Unusable   N/A       N/A         1
 Call Canine Familiar     Summ           Unusable   N/A       N/A         3
 Tukima's Dance           Hex            Unusable   N/A       N/A         3
 Animate Armour           Summ/Erth      Unusable   N/A       N/A         4
 Animate Dead             Necr           Unusable   N/A       N/A         4
 Summon Ice Beast         Ice/Summ       Unusable   N/A       N/A         4

Dungeon Overview and Level Annotations

Branches:
Dungeon (10/15)            Temple (1/1) D:4            Lair (5/5) D:10
 Shoals (0/4) Lair:2       Spider (0/4) Lair:2        Slime (0/5) Lair:4
    Orc (2/2) D:10         Bailey (visited)           IceCv (visited)
    Elf: Orc:2

Altars:
Ashenzari
Cheibriados
Dithmenos
Elyvilon
Fedhas
Gozag
Hepliaklqana
Kikubaaqudgha
Makhleb
Nemelex Xobeh
Okawaru
Qazlal
Ru
Sif Muna
Trog
Uskayaw
Vehumet
Wu Jian
Xom
Yredelemnul
Zin
The Shining One
Jiyva

Shops:
D:1 =   D:3 *   D:4 =   Orc:1 (

Annotations:
D:10 3 runed translucent doors, minbekrie's ghost, journeyman TrMo
Lair:1 3 runed translucent doors, Iniclolu's ghost, journeyman DsWn


Message History

You hit the orc knight but do no damage.
The orc warrior shoots a bolt.
The bolt hits you!
You slice the orc warrior!! You freeze the orc warrior.
You kill the orc warrior!
Okawaru accepts your kill.
You slash the orc knight! You freeze the orc knight.
The orc knight barely misses you.
An orc wizard comes into view. It is wielding a +1 dagger of speed.
You closely miss the orc knight.
The orc knight is moderately wounded.
The orc knight hits you with a +0 great sword!
The orc warlord roars a battlecry!
The orc warrior goes into a battle-frenzy!
The orc warrior shoots a bolt.
The bolt hits you! The orc knight completely misses you.
The orc warrior shoots a bolt.
The bolt closely misses you.
You hear a shout!
You fly upwards.
There is a stone staircase leading down here.
You see here a silver javelin.
You slash the orc knight! You freeze the orc knight!
The orc knight is heavily wounded.
The orc knight hits you with a +0 great sword!
* * * LOW HITPOINT WARNING * * *
You slash the orc knight! You freeze the orc knight.
The orc knight is severely wounded.
You are no longer corroded.
You closely miss the orc knight.
The orc knight is severely wounded.
The orc knight hits you with a +0 great sword!!
* * * LOW HITPOINT WARNING * * *
You feel much better.
The orc knight hits you but does no damage.
You gain the combat prowess of a mighty hero.
The orc knight hits you with a +0 great sword.
* * * LOW HITPOINT WARNING * * *
You slash the orc knight! You freeze the orc knight.
The orc knight is almost dead.
The orc knight hits you with a +0 great sword!!
You die...

### ##..#.#.###.##
##.####........#...#
#...##....#.#.#....#####
##.##.#.##.#...∩.....#.##
##......#...............#
#......................##
##...................#..## ####
#............[.[.........###.##
##.#..........@[.....##.###....
####........)o.........###..##
##....^..[...............##
##.......................#.
#.....................#....
#.....[....................
##...<...................##
##..#.......#.......##.##
#.................#.####


You could see an orc knight (strong).

Vanquished Creatures
  A reaper (IceCv)
  5 hydras
  2 catoblepae (Lair:5)
  A two-headed ogre (D:9)
  A deep troll shaman (Lair:5)
  20 death yaks
  2 orc high priests (Orc:2)
  A deep elf pyromancer (D:8)
  An orc knight (Orc:1)
  7 lindwurms
  2 orc sorcerers (Orc:2)
  A manticore (Lair:2)
  A cyclops (D:10)
  Maurice (D:10)
  An ice statue (IceCv)
  Joseph (D:8)
  17 elephants (Lair:5)
  6 black mambas
  A gargoyle (Bailey)
  13 cane toads
  13 rime drakes
  16 komodo dragons
  An ice devil (IceCv)
  8 polar bears
  16 blink frogs
  Prince Ribbit (D:8)
  15 dream sheep
  A shadow (D:9)
  2 vampires
  4 culicivoras (Lair:2)
  A dire elephant simulacrum (IceCv)
  7 basilisks
  14 wyverns
  62 yaks
  3 humans (Lair:4)
  A steam dragon (D:6)
  2 death yak simulacra (IceCv)
  2 harpy simulacra (IceCv)
  A hydra simulacrum (IceCv)
  16 water moccasins
  A warg (D:10)
  A sky beast (D:7)
  10 orc warriors
  A hell hound (Lair:5)
  2 black bears
  22 wolves
  2 ogres
  5 centaurs
  2 kobold brigands
  Blork the orc (D:6)
  10 bullfrogs
  5 two-headed ogre simulacra (IceCv)
  2 gnoll sergeants
  4 scorpions
  A cane toad simulacrum (IceCv)
  4 wights (D:8)
  8 vampire bats (Bailey)
  A howler monkey (D:4)
  4 wolf zombies (Bailey)
  2 elephant simulacra (IceCv)
  3 hounds
  2 jellies
  2 orc priests (D:4)
  A gnoll bouda (D:7)
  6 iguanas
  Terence (D:3)
  13 orc wizards
  4 hell rats (Lair:5)
  7 spriggan simulacra (IceCv)
  4 polar bear simulacra (IceCv)
  5 troll simulacra (IceCv)
  22 gnolls
  13 adders
  3 naga simulacra (IceCv)
  A shadow imp (D:6)
  9 white imps
  7 ufetubi
  3 dart slugs
  57 orcs
  2 bats
  4 endoplasms
  3 giant cockroaches
  7 goblins
  4 hobgoblins
  3 jackals (D:2)
  5 quokkas
  5 ball pythons
  7 frilled lizards
  15 kobolds
  22 orc zombies (Bailey)
  7 rats
  A butterfly (Lair:5)
607 creatures vanquished.

Vanquished Creatures (others)
  An orc wizard (D:4)
  32 fungi
  76 plants
109 creatures vanquished.

Grand Total: 716 creatures vanquished

Notes
Turn   | Place    | Note
-------+----------+-------------------------------------------
     0 | D:1      | Biblin the Hill Orc Fighter began the quest for the Orb.
     0 | D:1      | Reached XP level 1. HP: 19/19 MP: 1/1
   155 | D:1      | Reached XP level 2. HP: 27/27 MP: 2/2
   256 | D:1      | Found Wuonucymm's One-of-a-Kind Rings.
   525 | D:2      | Reached skill level 3 in Axes
   572 | D:2      | Reached XP level 3. HP: 22/33 MP: 3/3
   996 | D:2      | Noticed a shining eye
   998 | D:2      | Found a faded altar of an unknown god.
   999 | D:2      | Noticed a shining eye
   999 | D:2      | Noticed a great orb of eyes
   999 | D:2      | Noticed a floating eye
  1015 | D:2      | Reached XP level 4. HP: 20/40 MP: 4/4
  1305 | D:2      | You fall into a shaft and drop 1 floor!
  1560 | D:3      | Found Plog's Assorted Antiques.
  1693 | D:3      | Reached skill level 4 in Axes
  2009 | D:3      | Found a shimmering blue altar of Sif Muna.
  2010 | D:3      | Noticed Terence
  2022 | D:3      | Killed Terence
  2023 | D:3      | Reached XP level 5. HP: 37/46 MP: 5/5
  2385 | D:4      | Found a staircase to the Ecumenical Temple.
  2408 | Temple   | Entered the Ecumenical Temple
  2476 | Temple   | Became a worshipper of Warmaster Okawaru
  2489 | D:4      | Reached skill level 5 in Axes
  2496 | D:4      | Reached XP level 6. HP: 50/53 MP: 6/6
  2561 | D:4      | Reached skill level 6 in Axes
  2643 | D:4      | Reached * piety under Okawaru
  2661 | D:4      | Reached skill level 5 in Armour
  2850 | D:4      | Reached XP level 7. HP: 40/60 MP: 7/7
  2959 | D:4      | Reached skill level 7 in Axes
  3040 | D:4      | Found Navamole's Jewellery Shop.
  3078 | D:5      | Entered Level 5 of the Dungeon
  3299 | D:5      | Found a hazy altar of Hepliaklqana.
  3611 | D:5      | Reached skill level 8 in Axes
  3612 | D:5      | Reached skill level 5 in Fighting
  3698 | D:5      | Reached XP level 8. HP: 65/68 MP: 8/8
  4043 | D:5      | Reached ** piety under Okawaru
  4197 | D:6      | Noticed Blork the orc
  4212 | D:6      | Killed Blork the orc
  4213 | D:6      | Reached skill level 9 in Axes
  4634 | D:6      | Reached skill level 10 in Axes
  4637 | D:6      | Upgraded the game from 0.30-a0-313-gae38170b09 to
                  | 0.30-a0-341-g682706514a
  4718 | D:6      | Found a shimmering altar of Xom.
  4718 | D:6      | Found a broken altar of Ashenzari.
  4724 | D:6      | Found a glowing silver altar of Zin.
  4893 | D:7      | Reached skill level 5 in Shields
  4893 | D:7      | Reached XP level 9. HP: 61/75 MP: 9/9
  4959 | D:7      | Reached skill level 11 in Axes
  5419 | D:7      | Reached *** piety under Okawaru
  6125 | D:8      | Noticed a deep elf pyromancer
  6141 | D:8      | Killed a deep elf pyromancer
  6142 | D:8      | Reached skill level 12 in Axes
  6186 | D:8      | Noticed Joseph
  6268 | D:8      | Killed Joseph
  6268 | D:8      | Reached **** piety under Okawaru
  6376 | D:8      | Reached XP level 10. HP: 86/86 MP: 10/10
  6718 | D:8      | Noticed Prince Ribbit
  6728 | D:8      | Killed Prince Ribbit
  6729 | D:8      | Reached skill level 13 in Axes
  6977 | D:9      | Found a flagged portal.
  6982 | Bailey   | Entered a bailey
  7278 | Bailey   | Reached skill level 1 in Dodging
  7302 | Bailey   | Reached skill level 1 in Invocations
  7357 | Bailey   | Noticed a gargoyle
  7379 | Bailey   | Killed a gargoyle
  7740 | Bailey   | Identified the +1 leather armour of Hadjma {rCorr}
  7743 | Bailey   | Identified the +4 ring mail "Udishud" {rF+ rN+ Will- Dex+2}
  7788 | Bailey   | Identified the +1 chain mail of Skepticism {+Blink Dex-3
                  | SInv}
  7899 | D:9      | Noticed a two-headed ogre
  7917 | D:9      | Killed a two-headed ogre
  7918 | D:9      | Reached skill level 14 in Axes
  8094 | D:9      | Reached ***** piety under Okawaru
  8170 | D:9      | Reached XP level 11. HP: 97/97 MP: 12/12
  8205 | D:9      | Received a gift from Okawaru
  8779 | D:10     | Entered Level 10 of the Dungeon
  8780 | D:10     | Identified a scroll of acquirement
  8780 | D:10     | Acquired the +8 frozen axe "Frostbite" {freezing cloud,
                  | *Noise Fly rC+}
  8780 | D:10     | Found the +8 frozen axe "Frostbite" {freezing cloud, *Noise
                  | Fly rC+}
  8930 | D:10     | Reached skill level 10 in Armour
  8941 | D:10     | Found a runed translucent gate.
  8941 | D:10     | Found a runed translucent gate.
  8941 | D:10     | Found a runed translucent gate.
  8941 | D:10     | Noticed minbekrie's ghost (journeyman TrMo)
  8941 | D:10     | Noticed a 12-headed hydra
  9018 | D:10     | Found a staircase to the Orcish Mines.
  9019 | D:10     | Reached skill level 15 in Axes
  9038 | D:10     | Noticed Maurice
  9061 | D:10     | Killed Maurice
  9138 | D:10     | Reached skill level 10 in Fighting
  9161 | D:10     | Found a staircase to the Lair.
  9171 | Lair:1   | Entered Level 1 of the Lair of Beasts
  9278 | D:10     | Found a sparkling altar of Nemelex Xobeh.
  9280 | D:10     | Found a white marble altar of Elyvilon.
  9283 | D:10     | Found a hide-covered altar of Uskayaw.
  9288 | D:10     | Found an ornate altar of the Wu Jian Council.
  9290 | D:10     | Found a snail-covered altar of Cheibriados.
  9291 | D:10     | Found a blossoming altar of Fedhas.
  9293 | D:10     | Found a radiant altar of Vehumet.
  9296 | D:10     | Found a basalt altar of Yredelemnul.
  9298 | D:10     | Found a sacrificial altar of Ru.
  9382 | D:10     | Identified the +8 hand crossbow "Arcanum" {flame, Will+
                  | Str+6 Dex+2} (Okawaru gifted it to you on level 10 of the
                  | Dungeon)
  9382 | D:10     | Received a gift from Okawaru
  9383 | D:10     | Reached skill level 16 in Axes
  9458 | Orc:1    | Entered Level 1 of the Orcish Mines
  9460 | Orc:1    | Noticed an orc knight
  9464 | Orc:1    | Noticed a cyclops
  9548 | Lair:1   | Reached XP level 12. HP: 95/106 MP: 15/15
  9598 | Lair:1   | Found a runed translucent gate.
  9598 | Lair:1   | Found a runed translucent gate.
  9598 | Lair:1   | Found a runed translucent gate.
  9972 | Lair:1   | Reached skill level 5 in Invocations
 10153 | Lair:1   | Noticed Iniclolu's ghost (journeyman DsWn)
 10183 | Lair:1   | Reached skill level 17 in Axes
 10185 | Lair:1   | Reached ****** piety under Okawaru
 10926 | Lair:2   | Noticed a six-headed hydra
 10952 | Lair:2   | Identified the +0 pair of boots "Kenallau" {rPois rC-
                  | Str+2} (Okawaru gifted it to you on level 2 of the Lair of
                  | Beasts)
 10952 | Lair:2   | Received a gift from Okawaru
 11048 | Lair:1   | Reached skill level 18 in Axes
 11123 | Lair:2   | You are sucked into a shaft and drop 1 floor!
 11322 | Lair:2   | Found a staircase to the Shoals.
 11371 | Lair:2   | Killed a two-headed hydra
 11549 | Lair:2   | Found a hole to the Spider Nest.
 12175 | Lair:3   | Reached XP level 13. HP: 112/116 MP: 16/18
 12569 | Lair:3   | Reached skill level 19 in Axes
 13256 | Lair:3   | Identified the +0 tower shield "Gadud" {Will+ Str-4 Int+4
                  | Dex+2} (Okawaru gifted it to you on level 3 of the Lair of
                  | Beasts)
 13256 | Lair:3   | Received a gift from Okawaru
 13394 | Lair:3   | Got the Book of Grisly Fascination
 14386 | Lair:4   | Found a viscous altar of Jiyva.
 14386 | Lair:4   | Found a staircase to the Slime Pits.
 14841 | Lair:4   | Reached skill level 20 in Axes
 15155 | Lair:4   | Received a gift from Okawaru
 15155 | Lair:4   | Found the +14 obsidian axe {vorpal, Mesm Drain Fly SInv}
 15156 | Lair:4   | Reached XP level 14. HP: 114/127 MP: 20/20
 15442 | Lair:5   | Entered Level 5 of the Lair of Beasts
 15457 | Lair:5   | Reached skill level 21 in Axes
 15595 | Lair:5   | Identified the +1 chain mail of Duty {+Blink} (Okawaru
                  | gifted it to you on level 5 of the Lair of Beasts)
 15595 | Lair:5   | Received a gift from Okawaru
 15621 | Lair:5   | Found a frozen archway.
 15636 | IceCv    | Entered an ice cave
 16482 | IceCv    | Noticed a reaper
 16489 | IceCv    | Killed a reaper
 17304 | Lair:5   | Reached skill level 22 in Axes
 17665 | Lair:5   | Reached XP level 15. HP: 138/138 MP: 22/22
 17811 | Lair:5   | Received a gift from Okawaru
 18130 | Lair:5   | Reached skill level 23 in Axes
 18253 | Lair:5   | Identified the ring of False Pretenses {+Blink Will+ Str+6}
 18257 | Lair:5   | Identified the amulet of Peibbyin {Acrobat rPois rC++}
 18393 | Lair:5   | Received a gift from Okawaru
 18394 | Lair:5   | Reached skill level 10 in Invocations
 18946 | Orc:1    | Found Pily's Weapon Shoppe.
 19081 | Orc:2    | Entered Level 2 of the Orcish Mines
 19087 | Orc:1    | Received a gift from Okawaru
 19162 | Orc:2    | Noticed an orc warlord
 19166 | Orc:2    | Identified the +1 acid dragon scales "Kovvebot" {rElec
                  | rPois rCorr} (Okawaru gifted it to you on level 2 of the
                  | Orcish Mines)
 19166 | Orc:2    | Received a gift from Okawaru
 19175 | Orc:1    | HP: 1/139 [orc knight/+0 great sword (27)]
 19178 | Orc:1    | Mangled by an orc knight

Illustrated notes

Levels and vault maps discovered:
D:1:      wheals_arrival_linesprint, layout_rooms, nicolae_shop_unique_rings
D:2:      layout_rooms, hellmonk_ecumenical_altar_watching_god, serial_forest,
          infiniplex_forest_lined_2, infiniplex_forest_clump_double,
          infiniplex_forest_lined_3, infiniplex_forest_clump_double,
          infiniplex_forest_clump_C, infiniplex_forest_zigzag_1,
          infiniplex_forest_end_2, infiniplex_forest_straight_2
D:3:      layout_basic, mainiacjoe_overflow_catwalk, serial_shops,
          nicolae_shop_crystal, uniq_terence
D:4:      layout_cave_pools, minmay_temple_entry_overgrown, serial_shops,
          kennysheep_mini
D:5:      minmay_angry_zag, layout_loops_ring, overflow_temple_1_default,
          hangedman_decor_growths
D:6:      layout_cave_pools, grunt_temple_overflow_open,
          chequers_serial_rivers_micro_d, wad_floor_pattern_1,
          uniq_blork_the_orc
D:7:      layout_cave_pools
D:8:      layout_loops_ring, uniq_joseph, uniq_prince_ribbit1
D:9:      layout_irregular_city, enter_bailey_3
D:10:     layout_rooms, nicolae_overflow_hallway_of_the_gods,
          grunt_lair_entry_orc_guard_hut, hiddenorc2_lemuel,
          gammafunk_ghost_hydra_chop, uniq_maurice
Temple:   hellmonk_temple_rainy
Lair:1:   layout_chaotic_city, gammafunk_ghost_icy, beast_lair_carwin_11
Lair:2:   layout_small_grid, minmay_shoals_entry_beasts,
          hellmonk_spider_entry_life_and_decay, serial_bayou_shore_b
Lair:3:   layout_gridlike, minmay_lindwurm_lava, lemuel_fruit_tree,
          grunt_megastairs_2
Lair:4:   slaughterhouse, layout_gridlike, slime_entry_1, nicolae_lair_lindhole,
          grunt_megastairs_4
Lair:5:   grunt_lair_end_beastmaster, layout_cave_pods, special_room
          [special_room_mythical_zoo], portal_ice_cave_entry_pillars_1,
          minmay_lair_drake_nest, grunt_megastairs_3,
          infiniplex_staircase_pool_2, lemuel_fruit_fields
Orc:1:    layout_caves, serial_shops, shop, uniq_nergalle
Orc:2:    grunt_orc_gardens, layout_caves, grunt_orc_garden, grunt_orc_garden,
          grunt_orc_garden, grunt_orc_garden, serial_shops, shop_coins,
          nicolae_orc_lost_temple

Skill      XL: |  1  2  3  4  5  6  7  8  9 10 11 12 13 14 15 |
---------------+----------------------------------------------+-----
Fighting       | 4 5 6 7 9 10 11 12 14 | 14.9
Axes           | 3 4 5 6 8 10 12 14 16 18 20 22 23 | 23.4
Armour         | 4 5 6 7 8 9 10 11 12 13 | 13.6
Shields        | 4 5 6 7 |  7.3
Dodging        | 1 |  1.9
Invocations    | 2 4 6 8 9 10 | 10.1

Action                   |  1- 3 |  4- 6 |  7- 9 | 10-12 | 13-15 || total
-------------------------+-------+-------+-------+-------+-------++-------
Melee: War axe           |    90 |   145 |   304 |   258 |     8 ||   805
       Executioner's axe |       |       |       |   219 |   531 ||   750
       Broad axe         |       |       |       |    16 |    46 ||    62
       Unarmed           |       |       |       |     7 |       ||     7
       Punch             |       |       |       |       |     1 ||     1
Invok: Heroism           |       |       |     4 |     5 |     6 ||    15
       Finesse           |       |       |       |       |     1 ||     1
  Use: Potion            |       |     5 |     3 |     4 |     1 ||    13
       Scroll            |       |     6 |     9 |     4 |     6 ||    25
Armor: Scale mail        |    42 |     6 |       |       |       ||    48
       Plate armour      |       |    96 |   180 |    97 |       ||   373
       Chain mail        |       |       |       |   137 |       ||   137
       Skin              |       |       |       |     1 |       ||     1
       Crystal plate arm |       |       |       |    36 |   370 ||   406
Dodge: Dodged            |    59 |    46 |   115 |   210 |   207 ||   637
Block: Buckler           |    28 |    39 |    73 |    49 |       ||   189

Table legend: (Time is in decaauts)
 A = Elapsed time spent in this place.
 B = Non-inter-level travel time spent in this place.
 C = Inter-level travel time spent in this place.
 D = Time resting spent in this place.
 E = Time spent auto-exploring this place.
 F = Levels seen in this place.
 G = Mean time per level.
                   A        B        C        D        E       F      G
               +--------+--------+--------+--------+--------+-----+--------+
         Total |  19157 |  18434 |    723 |   4260 |   9490 |  20 |  957.8 |
       Dungeon |   8640 |   8279 |    361 |   1367 |   4943 |  10 |  864.0 |
        Temple |     76 |     68 |      8 |     29 |      2 |   1 |   76.0 |
          Lair |   8235 |   7893 |    342 |   2143 |   3867 |   5 | 1647.0 |
  Orcish Mines |    244 |    232 |     12 |     17 |    115 |   2 |  122.0 |
        Bailey |    848 |    848 |      0 |    444 |     30 |   1 |  848.0 |
      Ice Cave |   1110 |   1110 |      0 |    259 |    533 |   1 | 1110.0 |
               +--------+--------+--------+--------+--------+-----+--------+

Top non-repeatable levels by time:
  Lair:5: 2019 daAuts
  Lair:4: 1875 daAuts
  Lair:1: 1740 daAuts
  Lair:3: 1431 daAuts
  Lair:2: 1169 daAuts
   IceCv: 1110 daAuts
     D:5: 1072 daAuts
     D:9: 1045 daAuts
     D:2: 1011 daAuts
     D:6: 984 daAuts
     D:3: 941 daAuts
     D:8: 904 daAuts
  Bailey: 848 daAuts
     D:7: 830 daAuts
    D:10: 722 daAuts
